 BcadrenCrawl: Boulder Brew version 0.04.2-19-ga012a504bd (webtiles) character file.

Game seed: 4419678045413701413, levelgen mode: deterministic

4704 Ezendos the Carver (level 10, -1/79 HPs) Human Gladiator. Began on May 18, 2021. Was an Initiate of Ru. Slain by a hornet (8 damage) ... while paralysed ... on level 4 of the Dungeon. The game lasted 00:31:38 (6183 turns).

Ezendos the Carver (Human Gladiator)                Turns: 6183, Time: 00:31:38

Health: -1/79      AC: 25    Str: 18    XL:     10 ^: 1038
Magic:  11/11      EV:  2    Int:  9    God:    Ru [0* [10]]
Gold:   29         SH:  0    Dex: 14    Spells: 9/9 levels left

rFire    . . .     Vision   .   a - +0 long sword
rCold    . . .     Gourm    .   (no weapon)
rNeg     + + +     Faith    .   y - +3 leather armour {rPois}
rPois    ∞         Spirit   .   c - +0 helmet
rElec    .         Reflect  .   A - +0 cloak
rCorr    .         Harm     .   (no gloves)
MR       .....                  (no boots)
Stlth    +.........             (no amulet)
HPRegen  0.36/turn              (no ring)
MPRegen  0.21/turn              (no ring)

@: lethally poisoned (-1 -> -1), petrified, slowed, studying 2 skills
A: no striking features
a: Renounce Religion


You were on level 4 of the Dungeon.
You worshipped Ru.
Ru was noncommittal.
You were hungry.

You visited 2 branches of the dungeon, and saw 6 of its levels.

You collected 150 gold pieces.
You spent 121 gold pieces at shops.

Inventory:

Weapons
 a - a +0 long sword (weapon)
 b - a +0 shortbow
 E - a +0 scimitar
Armour
 c - a +0 helmet (worn)
 y - a +3 leather armour of poison resistance (worn)
 A - a +0 cloak (worn)
 B - a +0 plate armour
Jewellery
 v - a cursed ring of wizardry {(Curse: rC-)}
 x - an uncursed ring of magical power
Wands
 d - a wand of ensnaring (5)
 s - a wand of iceblast (3)
 w - a wand of polymorph (1)
Scrolls
 e - a scroll of summoning
 h - 4 scrolls of teleportation
 k - 2 scrolls of amnesia
 l - a scroll of enchantment
 m - a scroll of magic mapping
 n - 5 scrolls of blinking
 u - a scroll of bless item
 C - 2 scrolls of fog
Potions
 g - 2 potions of ambrosia
 o - 2 potions of heal wounds
 p - a potion of haste
 q - 2 potions of curing
 t - a potion of cure mutation
Comestibles
 f - 26 rations


   Skills:
 + Level 7.4 Fighting
 - Level 9.0 Long Blades
 + Level 7.1 Armour
 + Level 7.8 Dodging
 - Level 2.0 Evocations


You had 9 spell levels left.
You didn't know any spells.
Your spell library was empty.

Dungeon Overview and Level Annotations

Branches:
Dungeon (5/8)              Temple (1/1) D:4
   Lair: D:5

Altars:
Ashenzari
Cheibriados
Dithmenos
Elyvilon
Fedhas Madash
Gozag Ym Sagoz
Hepliaklqana
Kikubaaqudgha
Makhleb
Nemelex Xobeh
Okawaru
Qazlal
Ru
Sif Muna
Trog
Uskayaw
Vehumet
Wu Jian
Yredelemnul
Zin
The Shining One

Shops:
D:3 =   D:4 [

Annotations:
D:2 Prince Ribbit
D:5 Erolcha, Sonja


Message History

The hornet stings you but does no damage.
The bullfrog hits your adder (3).
Your adder misses the bullfrog (0).
Your orc closely misses the hornet (0).
The hornet stings you but does no damage.
The bullfrog barely misses your adder (0).
Your adder bites the bullfrog (5).
The hornet stings you (4).
* * * LOW HITPOINT WARNING * * *
The bullfrog barely misses your adder (0).
Your orc closely misses the hornet (0).
The bullfrog blocks your adder's attack.
The hornet stings you (1).
* * * LOW HITPOINT WARNING * * *
The bullfrog barely misses your adder (0).
Your adder bites the bullfrog (4).
The bullfrog dies!
Your orc misses the hornet (0). The hornet stings you (3).
* * * LOW HITPOINT WARNING * * *
The hornet stings you (8)!
You die...

....##.....###.#.# #...##....#
....#....### #...######...####.##
..###....# ###..#...##[..####.#
..# #..[.####...b[<..#..>......#
..####'#.........)[.....#########
.....#.######.#...[)[.....b......
.....#.# #.#ooo#.....#.#######
.....#'## #..#.S#..bb..........
........######.#@o#b.b....∩......
........'....#.##y#...[...######.
........####.#.##.#........<...#.
........# #.#.##.#.....#.####.#.
........# #.#.##.##.#...........
........# #.#.##....#....####.##
........# #.#.#######.##### #.#
........# #.#.# #.....# #.#
........# #.#.# #####.# #.#


You could see a hornet, a friendly adder and 4 friendly orcs.

Vanquished Creatures
  Menkaure (D:3)
  A slime creature (D:2)
  Duvessa (D:3)
  A phantom (D:4)
  4 orc warriors (D:4)
  A scorpion (D:3)
  2 porcupines
  An ice beast (D:4)
  A black bear (D:3)
  5 ogres
  3 big kobolds (D:2)
  2 crocodiles (D:2)
  3 bullfrogs
  A meliai zombie (D:4)
  Dowan (D:3)
  A centaur (D:4)
  5 killer bees (D:4)
  3 wights
  4 hounds
  4 crimson imps
  4 jellies
  7 orc wizards
  3 iguanas (D:4)
  9 worker ants
  8 giant cockroaches
  An iron imp (D:4)
  2 bullfrog zombies (D:4)
  4 bullfrog skeletons
  A porcupine skeleton (D:3)
  7 adders
  48 sewer rats
  10 cinder newts
  5 worms
  20 oozes
  A hound skeleton (D:3)
  A dart slug (D:1)
  2 leopard geckos
  23 orcs
  An adder skeleton (D:3)
  4 ball pythons
  8 bats
  2 goblins (D:1)
  A hobgoblin (D:1)
  6 jackals (D:3)
  2 quokkas
  16 kobolds
  A quokka skeleton (D:3)
  5 rats
  A rat skeleton (D:2)
  A withered plant (D:2)
249 creatures vanquished.

Vanquished Creatures (collateral kills)
  A bullfrog (D:4)
1 creature vanquished.

Vanquished Creatures (others)
  3 giant cockroaches (D:2)
  An adder (D:2)
  2 sewer rats (D:2)
  A plant (D:5)
  A slimehead (D:2)
  67 withered plants (D:2)
75 creatures vanquished.

Grand Total: 325 creatures vanquished

Notes
Turn   | Place    | Note
-------+----------+-------------------------------------------
     0 | D:1      | Ezendos the Human Gladiator began the quest for the Orb.
     0 | D:1      | Reached XP level 1. HP: 16/16 MP: 2/2
    19 | D:2      | Noticed a jelly
    38 | D:1      | Reached XP level 2. HP: 22/22 MP: 3/3
    45 | D:1      | Reached skill level 1 in Armour
    66 | D:1      | Reached XP level 3. HP: 27/28 MP: 4/4
   599 | D:1      | Reached XP level 4. HP: 17/34 MP: 5/5
   712 | D:1      | Reached XP level 5. HP: 40/40 MP: 6/6
   959 | D:2      | Reached skill level 4 in Long Blades
   969 | D:2      | Reached XP level 6. HP: 47/47 MP: 7/7
  1155 | D:2      | Noticed a slime creature
  1175 | D:1      | Reached XP level 7. HP: 21/53 MP: 8/8
  1783 | D:2      | Reached skill level 5 in Long Blades
  1922 | D:2      | Reached skill level 5 in Dodging
  1922 | D:2      | Reached XP level 8. HP: 38/61 MP: 9/9
  2457 | D:2      | Reached skill level 6 in Long Blades
  2558 | D:2      | Reached skill level 5 in Fighting
  2572 | D:2      | Reached XP level 9. HP: 34/68 MP: 10/10
  2572 | D:2      | Noticed Prince Ribbit
  2752 | D:3      | Noticed Menkaure
  2761 | D:3      | Reached skill level 7 in Long Blades
  2769 | D:3      | Killed Menkaure
  2769 | D:3      | Reached skill level 5 in Armour
  2979 | D:3      | Found Wiraetz's Jewellery Emporium.
  3345 | D:3      | Noticed Duvessa
  3345 | D:3      | Noticed Dowan
  3363 | D:3      | Killed Duvessa
  3363 | D:3      | Reached skill level 8 in Long Blades
  3374 | D:3      | Killed Dowan
  3920 | D:3      | Reached XP level 10. HP: 74/76 MP: 11/11
  4223 | D:4      | Found Wedwa's Antique Armour Boutique.
  4341 | D:4      | Bought a cloak for 121 gold pieces
  4658 | D:4      | Found a staircase to the Ecumenical Temple.
  4676 | D:4      | Reached skill level 9 in Long Blades
  4686 | Temple   | Entered the Ecumenical Temple
  4899 | Temple   | Became a worshipper of Ru the Awakened
  5999 | D:5      | Entered Level 5 of the Dungeon
  6064 | D:5      | Noticed Sonja
  6173 | D:5      | Identified the cursed amulet "Hofroaq" {Spirit Int+6 Dex+4,
                  | (Curse: Fragile)}
  6173 | D:5      | Noticed Erolcha
  6183 | D:4      | Slain by a hornet

Levels and vault maps discovered:
D:1:      dpeg_arrival_pits, layout_basic
D:2:      layout_sewer, sewer_frog_spiral, first_ration, kennysheep_crisscross
D:3:      layout_basic, serial_shops, nicolae_shop_waterfront,
          bcadren_nooodl_food_pyramid, uniq_menkaure, uniq_duvessa
D:4:      layout_basic, minmay_temple_entry_crystal_x, serial_shops, shop
D:5:      layout_basic, david_lair_shrubbed, serial_shops,
          nicolae_shop_temple_entry_statues_fountains, nicolae_shop_crystal,
          shop_statue, shop, nicolae_trove_entry_free_sample, water_maze_lemuel,
          uniq_erolcha, uniq_sonja
Temple:   minmay_crystal_snake_temple

Skill      XL: |  1  2  3  4  5  6  7  8  9 10 |
---------------+-------------------------------+-----
Armour         | 1 2 3 4 5 7 |  7.1
Fighting       | 3 4 5 6 7 |  7.4
Long Blades    | 4 5 6 8 9 |  9.0
Dodging        | 4 5 6 7 |  7.8
Evocations     | |  2.0

Action                   |  1- 3 |  4- 6 |  7- 9 | 10-12 || total
-------------------------+-------+-------+-------+-------++-------
Melee: Long sword        |    15 |    60 |   284 |   146 ||   505
       Unarmed           |     8 |    45 |    54 |    86 ||   193
       Short sword       |    18 |       |       |       ||    18
       Dagger            |    13 |       |       |       ||    13
       Scimitar          |       |       |       |    10 ||    10
       Morningstar       |       |       |       |     5 ||     5
 Fire: Hunting sling     |       |     1 |   130 |     2 ||   133
       Shortbow          |       |       |       |    17 ||    17
Evoke: Wand              |       |       |     5 |     4 ||     9
  Use: Scroll            |       |       |     2 |     1 ||     3
       Potion            |       |       |     1 |       ||     1
 Stab: Held in net/web   |       |       |     2 |     3 ||     5
       Distracted        |       |       |       |     1 ||     1
  Eat: Chunk             |       |     1 |    10 |     7 ||    18
Armor: Leather armour    |    15 |     9 |    45 |    37 ||   106
Dodge: Dodged            |    55 |    69 |   276 |   107 ||   507
       Rpst.: Long sword |     3 |    22 |    74 |    22 ||   121
       Scimitar          |       |       |       |     4 ||     4
